 Dungeon Sprint DCSS version 0.31-a0-844-gdc52ec4e09 (webtiles) character file.

Game seed: 9137320408216956789

0 sircluck the Ruffian (level 1, 0/33 HPs)
             Began as a Troll Berserker on Sept 29, 2023.
             Was a Follower of Trog.
             Slain by a bog body (13 damage)
             ... in the Dungeon (Sprint VII: "The Pits").
             The game lasted 00:00:11 (27 turns).

sircluck the Ruffian (Troll Berserker)                Turns: 27, Time: 00:00:12

Health: 0/33       AC:  4    Str: 24    XL:     1   Next: 0%
Magic:  0/0        EV: 10    Int:  3    God:    Trog [*.....]
Gold:   0          SH:  0    Dex:  9    Spells: 0/0 levels left

rFire   . .          .
                       - Unarmed
rCold   . . .        (no shield)
rNeg    . . .        a - +0 animal skin
rPois   .            (helmet restricted)
rElec   .            (no cloak)
rCorr   .            (gloves unavailable)
SInv    .            (boots unavailable)
Will    .....        (no amulet) Stlth
                     (no ring)
HPRegen 1.05/turn    (no ring)
MPRegen 0.07/turn

%: no teleportation
@: berserking (expiring), very quick
A: large, unfitting armour, claws 3, regeneration 1, shaggy fur 1, tough skin 1
a: Renounce Religion, Berserk


You were in the Dungeon.
You worshipped Trog.
Trog was aware of your devotion.
You visited 1 branch

Inventory:

Armour
 a - a +0 animal skin (worn)
Scrolls
 g - a scroll of blinking
Potions
 b - a potion of curing
 c - a potion of heal wounds
 d - a potion of haste
 e - 2 potions of magic
 f - a potion of berserk rage


   Skills:
 + Level 2.4 Fighting
 + Level 2.4 Dodging
 + Level 3.0 Unarmed Combat


You couldn't memorise any spells.
You didn't know any spells.
Your spell library was empty.

Dungeon Overview and Level Annotations

Branches:
Dungeon (1/1)

Altars:


Innate Abilities, Weirdness & Mutations

You are too large for most types of armour.
You have claws for hands.
Your natural rate of healing is unusually fast.
You are covered in fur. (AC +1)
You have tough skin. (AC +1)


Message History

You open the door.
There is an open door to the Entrance Hall (Safe) here.
You open the huge gate.
An orc wizard and an orc come into view.
The orc wizard shouts!
The orc shouts!
The orc wizard points at you and mumbles some strange words.
You are confused.
There is a huge open gate to the Metal Vault (Medium) here.
Unknown command.
Unknown command.
A bog body comes into view.
A gargoyle comes into view. It is wielding a +0 flail.
There is a huge open gate to the Metal Vault (Medium) here.
There is a huge open gate to the Metal Vault (Medium) here.
You're too confused to move!
You're too confused to move!
The orc wizard points at you and mumbles some strange words.
The magic dart hits you!
There is a huge open gate to the Metal Vault (Medium), spattered with blood here.
You bump into the metal wall.
An orc wizard comes into view. It is wielding a +0 dagger.
You bump into the metal wall.
You feel less confused.
The orc wizard shouts!
You close the huge gate.
An orc opens the huge gate.
A red film seems to cover your vision as you go berserk!
You feel yourself moving faster!
You feel mighty!
You feel a strong urge to attack something.
There is a huge open gate to the Metal Vault (Medium), spattered with blood here.
You claw the gargoyle!
The gargoyle is severely damaged.
The gargoyle closely misses you.
You barely miss the gargoyle.
The gargoyle is severely damaged.
The bog body touches you. The bog body freezes you!
You claw the gargoyle!
You destroy the gargoyle!
Trog accepts your kill. The bog body touches you!
You die...

##########++######
#................#
#......#..#......#
#................+
+................+
#......#..#......#
#................#
####'#####'@######
#.......##no#
#.......##.o#
#.......##.o#
#...<...##..#
#.......##..#
#.......##..#
#.......##...
##########...


You could see a bog body, 2 orc wizards and an orc.

Vanquished Creatures
  A gargoyle (D)
1 creature vanquished.

Notes
Turn   | Place    | Note
-------+----------+-------------------------------------------
     0 | D        | sircluck the Troll Berserker began the quest for the Orb.
     0 | D        | Reached XP level 1. HP: 22/22 MP: 0/0
    12 | D        | Noticed an orc wizard
    13 | D        | Noticed a bog body
    13 | D        | Noticed a gargoyle
    18 | D        | Noticed an orc wizard
    27 | D        | Killed a gargoyle
    27 | D        | Slain by a bog body

Illustrated notes

Levels and vault maps discovered:
D:        pitsprint [storerooms_1, entrance_room_1, metal_vault_3, armoury_2,
          mini_pit_1, grid_room_1, main_hall_1, silver_pit, the_coven_1,
          the_vestibule_1, steel_vault_1, golden_pit, hallway_of_sentries,
          crystal_vault_5, iron_vault_1, final_vault]

Action                     || total
---------------------------++-------
  Melee: Unarmed           ||     3
 Invoke: Berserk           ||     1
 Armour: Animal skin       ||     3
  Dodge: Dodged            ||     1

Table legend: (Time is in decaauts)
 A = Elapsed time spent in this place.
 B = Non-inter-level travel time spent in this place.
 C = Inter-level travel time spent in this place.
 D = Time resting spent in this place.
 E = Time spent auto-exploring this place.
 F = Levels seen in this place.
 G = Mean time per level.
                   A        B        C        D        E       F      G
               +--------+--------+--------+--------+--------+-----+--------+
         Total |     25 |     25 |      0 |      0 |     12 |   1 |   25.0 |
       Dungeon |     25 |     25 |      0 |      0 |     12 |   1 |   25.0 |
               +--------+--------+--------+--------+--------+-----+--------+

Top non-repeatable levels by time:
       D: 25 daAuts
